 Dungeon Crawl Stone Soup version 0.23.0 (webtiles) character file.

Game seed: 5426100153472413757

1320 Faca the Fighter (level 8, -6/75 HPs)
             Began as a Purple Draconian Berserker on Feb 17, 2019.
             Was a Priest of Trog.
             Mangled by a centaur
             ... wielding the +9 long sword of Valour {drain, *Drain rElec rF- Str+6}
              (9 damage)
             ... on level 5 of the Dungeon.
             The game lasted 00:10:29 (5278 turns).

Faca the Fighter (Purple Draconian Berserker)       Turns: 5278, Time: 00:10:30

Health: -6/75      AC:  7    Str: 21    XL:     8   Next: 33%
Magic:  8/8        EV: 11    Int:  8    God:    Trog [***...]
Gold:   207        SH:  3    Dex: 11    Spells: 7/7 levels left

rFire    . . .     SeeInvis .   a - +0 falchion
rCold    . . .     Gourm    .   m - +0 buckler
rNeg     . . .     Faith    .   (armour unavailable)
rPois    .         Spirit   .   (helmet restricted)
rElec    .         Reflect  .   q - +0 cloak
rCorr    .         Harm     .   (no gloves)
MR       ++...                  (no boots)
Stlth    +.........             (no amulet)
HPRegen  0.22/turn              (no ring)
MPRegen  0.11/turn              j - ring of protection from magic

@: short of breath, heavily drained
A: breathe power, unfitting armour, cold-blooded, AC +6
a: Breathe Dispelling Energy, Berserk, Trog's Hand, Renounce Religion


You were on level 5 of the Dungeon.
You worshipped Trog.
Trog was most pleased with you.
You were not hungry.

You visited 1 branch of the dungeon, and saw 5 of its levels.

You collected 207 gold pieces.

Inventory:

Hand Weapons
 a - a +0 falchion (weapon)
 t - a +0 rapier
Armour
 h - a +0 large shield
 m - a +0 buckler (worn)
 q - a +0 cloak (worn)
Jewellery
 e - a +3 ring of intelligence
 j - a ring of protection from magic (right hand)
 y - an uncursed ring of ice
Wands
 p - a wand of flame (14)
 A - a wand of paralysis (10)
Scrolls
 c - a scroll of enchant armour {unknown}
 d - 2 scrolls of blinking {unknown}
 f - a scroll of immolation {unknown}
 g - 4 scrolls of identify {unknown}
 i - a scroll of fear {unknown}
 k - a scroll of teleportation {unknown}
 l - a scroll of random uselessness {unknown}
 u - a scroll of remove curse {unknown}
 v - a scroll of noise {unknown}
 w - a scroll of magic mapping {unknown}
 z - a scroll of amnesia {unknown}
Potions
 n - 2 potions of brilliance {unknown}
 o - a potion of berserk rage {unknown}
 r - 3 potions of curing {unknown}
 s - 3 potions of heal wounds {unknown}
Comestibles
 b - 8 rations
 x - a chunk of flesh


   Skills:
 + Level 8.6(6.6) Fighting
 + Level 7.8(5.9) Long Blades
 - Level 2.6(1.0) Dodging


You had 7 spell levels left.
You didn't know any spells.
Your spell library was empty.

Dungeon Overview and Level Annotations

Branches:
Dungeon (5/15)             Temple (0/1) D:4

Altars:
Gozag
Nemelex Xobeh
Okawaru
Wu Jian
Zin


Innate Abilities, Weirdness & Mutations

You can breathe bolts of dispelling energy.
Your rich purple scales are hard. (AC +6)
You cannot fit into any form of body armour.
You are cold-blooded and may be slowed by cold attacks.


Message History

The centaur is moderately wounded.
The centaur hits you with the +9 long sword of Valour {drain, *Drain rElec rF- Str+6}.
You feel drained.
* * * LOW HITPOINT WARNING * * *
You hit the centaur.
Your tail-slap misses the centaur.
The centaur is moderately wounded.
The centaur closely misses you.
You slash the centaur!
The centaur is severely wounded.
The centaur hits you with the +9 long sword of Valour {drain, *Drain rElec rF- Str+6}!
* * * LOW HITPOINT WARNING * * *
You feel drained.
The centaur hits you with the +9 long sword of Valour {drain, *Drain rElec rF- Str+6}!
* * * LOW HITPOINT WARNING * * *
You feel drained.
* * * LOW HITPOINT WARNING * * *
You hit the centaur.
The centaur is almost dead.
The centaur hits you with the +9 long sword of Valour {drain, *Drain rElec rF- Str+6}!
You die...

.....................)...
####.#...########.#####..
#.##### ####.# #...# .
####....###.### #...... #
#....##.....# #......#
#.##....#####
#......##########.#..####
#...............#.#.## ###
#......# ###.@c....# #..
#......####..(##...## #####.#
#......#.(..####.#.######.....#
#........######..#.....##.#####
#####.<### #...######.........
#...## #.## ###.###### ####.###
#.# ##......... #.....#
##.#######...#######
#.....#######.[##......### #...


You could see a centaur.

Vanquished Creatures
  A hornet (D:4)
  Sigmund (D:4)
  An ogre (D:4)
  An orc warrior (D:5)
  A big kobold (D:3)
  A bullfrog (D:5)
  A scorpion (D:4)
  2 howler monkeys
  A crimson imp (D:5)
  A centaur zombie (D:5)
  Crazy Yiuf (D:2)
  An orc priest (D:4)
  A bullfrog skeleton (D:5)
  An orc wizard (D:5)
  Terence (D:3)
  3 worker ants
  2 hound skeletons (D:4)
  A worker ant zombie (D:5)
  4 gnolls
  5 adders
  5 oozes
  An adder skeleton (D:5)
  5 dart slugs
  A worm (D:1)
  A leopard gecko (D:3)
  14 orcs
  6 bats
  4 giant cockroaches
  6 hobgoblins
  8 jackals
  6 kobolds
  2 quokkas (D:2)
  2 ball pythons
  4 frilled lizards
  4 goblins
  6 rats
106 creatures vanquished.

Notes
Turn   | Place    | Note
-------+----------+-------------------------------------------
     0 | D:1      | Faca the Draconian Berserker began the quest for the Orb.
     0 | D:1      | Reached XP level 1. HP: 19/19 MP: 1/1
    61 | D:1      | Reached XP level 2. HP: 25/26 MP: 2/2
   152 | D:1      | Found an iron altar of Okawaru.
   521 | D:1      | Reached skill level 4 in Fighting
   755 | D:2      | Reached XP level 3. HP: 33/33 MP: 3/3
   960 | D:2      | Reached ** piety under Trog
   995 | D:2      | Reached XP level 4. HP: 34/41 MP: 4/4
  1202 | D:2      | Found a runed translucent door.
  1203 | D:2      | Noticed Crazy Yiuf
  1223 | D:2      | Killed Crazy Yiuf
  1684 | D:3      | Reached skill level 5 in Fighting
  1712 | D:3      | Noticed Terence
  1735 | D:3      | Killed Terence
  1735 | D:3      | Reached XP level 5. HP: 12/48 MP: 5/5
  2395 | D:3      | Reached skill level 5 in Long Blades
  2542 | D:4      | Noticed an ogre
  2555 | D:4      | Killed an ogre
  2555 | D:4      | Reached skill level 6 in Fighting
  2555 | D:4      | Reached XP level 6. HP: 55/57 MP: 6/6
  3149 | D:4      | Found a staircase to the Ecumenical Temple.
  3166 | D:4      | Noticed Sigmund
  3439 | D:3      | Reached *** piety under Trog
  3511 | D:4      | Killed Sigmund
  3511 | D:4      | Reached skill level 7 in Fighting
  3511 | D:4      | Your scales start taking on a rich purple colour.
  3511 | D:4      | Reached XP level 7. HP: 45/66 MP: 7/7
  3656 | D:4      | Noticed a hornet
  3668 | D:4      | Paralysed by a hornet for 2 turns
  3670 | D:4      | Killed a hornet
  4244 | D:5      | Entered Level 5 of the Dungeon
  4279 | D:5      | Reached skill level 8 in Fighting
  4279 | D:5      | Reached XP level 8. HP: 63/74 MP: 8/8
  5107 | D:5      | Found an ornate altar of the Wu Jian Council.
  5108 | D:5      | Found an opulent altar of Gozag.
  5110 | D:5      | Found a sparkling altar of Nemelex Xobeh.
  5110 | D:5      | Found a glowing silver altar of Zin.
  5269 | D:5      | Identified the +9 long sword of Valour {drain, *Drain rElec
                  | rF- Str+6}
  5277 | D:5      | HP: 3/75 [centaur/the +9 long sword of Valour {drain,
                  | *Drain rElec rF- Str+6} (8)]
  5278 | D:5      | Mangled by a centaur

Skill      XL: |  1  2  3  4  5  6  7 |
---------------+----------------------+-----
Fighting       | 4 5 6 7 8 |  8.6
Long Blades    | 4 5 6 7 |  7.8
Dodging        | |  2.6

Action                   |  1- 3 |  4- 6 |  7- 9 || total
-------------------------+-------+-------+-------++-------
Melee: Falchion          |    91 |   191 |   137 ||   419
       Tailslap          |    16 |    42 |    27 ||    85
Invok: Berserk           |       |     1 |     1 ||     2
       Trog's Hand       |       |     1 |       ||     1
 Abil: Breathe Dispellin |       |       |     3 ||     3
Evoke: Wand              |       |     4 |       ||     4
 Stab: Sleeping          |     2 |       |       ||     2
  Eat: Chunk             |       |     8 |     6 ||    14
       Ration            |       |     1 |       ||     1
Armor: Skin              |    22 |    40 |    30 ||    92
Dodge: Dodged            |    65 |   127 |    90 ||   282
Block: Buckler           |     1 |    25 |    15 ||    41
       Rpst.: Falchion   |    17 |    36 |    33 ||    86
